[Event "*** Titled Tuesday Blitz"]
[Site "Chess.com"]
[Date "2021.03.02"]
[Round "8"]
[White "lelya96"]
[Black "WiktoriaPOL"]
[Result "1-0"]
[WhiteElo "2265"]
[BlackElo "2037"]
[TimeControl "180+1"]
[EndTime "11:28:46 PST"]
[Termination "lelya96 won on time"]

1. d4 d5 2. Nf3 Nf6 3. Bg5 e6 4. e3 c5 5. c3 Nc6 6. Bd3 Be7 7. O-O O-O 8. Nbd2 Qb6 9. Rb1 h6 10. Bh4 Bd7 11. Ne5 Be8 12. f4 Nd7 13. Bxe7 Nxe7 14. Qg4 Nf6 15. Qh4 cxd4 16. exd4 Bb5 17. Rf3 Bxd3 18.
Rxd3 Nf5 19. Qh3 Qa6 20. g4 Nd6 21. a3 Nfe4 22. Rf1 Nxd2 23. Rxd2 Ne4 24. Rg2 Qd6 25. g5 hxg5 26. fxg5 g6 27. Qh6 Qe7 28. Rf3 Nxg5 29.
Rxg5 1-0

[Event "*** Titled Tuesday Blitz"]
[Site "Chess.com"]
[Date "2021.03.02"]
[Round "8"]
[White "SilviusTiberius"]
[Black "Karla"]
[Result "0-1"]
[WhiteElo "2506"]
[BlackElo "2352"]
[TimeControl "180+1"]
[EndTime "11:28:48 PST"]
[Termination "Karla won by resignation"]

1. e4 d5 2. exd5 Qxd5 3. Nf3 Qa5 4. Nc3 Nf6 5. d4 c6 6. Bc4 Bf5 7. Ne5 e6 8. g4 Bg6 9. h4 Nbd7 10. Qe2 Nxe5 11.
dxe5 Ne4 12. Rh3 h5 13. gxh5 Rxh5 14. Kf1 Rxe5 15. Bf4 Ng3+ 16. Rxg3 Rxe2 17. Nxe2 Bxc2 18. Rc1 Bf5 19. Rb3 O-O-O 20. Ng3 Rd4 21. Be3 Rxh4 22. Be2 Bh3+ 23. Kg1 Qd5 24. f3 Qd6 25. Bf2 Qd2 26.
Rd1 Qg5 27. Rbd3 Be7 28. Rd4 Bc5 29. Rxh4 Qxg3+ 0-1

[Event "*** Titled Tuesday Blitz"]
[Site "Chess.com"]
[Date "2021.03.02"]
[Round "8"]
[White "politeplayer"]
[Black "Joseacorrea"]
[Result "1-0"]
[WhiteElo "2226"]
[BlackElo "2073"]
[TimeControl "180+1"]
[EndTime "11:28:48 PST"]
[Termination "politeplayer won on time"]

1. e4 c5 2. c3 d5 3. exd5 Qxd5 4. d4 Nf6 5. Nf3 Nc6 6. dxc5 Qxd1+ 7. Kxd1 Ne4 8. Be3 Bg4 9. b4 Rd8+ 10. Kc2 e6 11. Nd4 Nxd4+ 12. cxd4 Bf5 13. Bd3 e5 14. f3 exd4 15.
fxe4 Bg6 16. Bf4 Be7 17. Bb5+ Kf8 18. Nd2 a6 19. Bd3 a5 20. a3 h6 21. Nc4 axb4 22.
axb4 Bg5 23. Bd6+ Be7 24. Rhf1 b5 25. Ra7 bxc4 26. Bxe7+ Ke8 27. Bxd8 cxd3+ 28. Kxd3 1-0

[Event "*** Titled Tuesday Blitz"]
[Site "Chess.com"]
[Date "2021.03.02"]
[Round "8"]
[White "pastouche06"]
[Black "McCarthyStone"]
[Result "1-0"]
[WhiteElo "2551"]
[BlackElo "2442"]
[TimeControl "180+1"]
[EndTime "11:28:51 PST"]
[Termination "pastouche06 won by resignation"]

1. d4 Nf6 2. c4 b6 3. f3 Nc6 4. Nc3 e5 5. d5 Ne7 6. g4 Ng6 7. h4 h6 8. h5 Ne7 9. e4 Neg8 10. Nge2 Bc5 11. Ng3 d6 12. g5 hxg5 13. Bxg5 Bd7 14. Qd2 Qc8 15. O-O-O Qa6 16. Kb1 O-O-O 17. Nb5 Kb8 18.
b4 Bd4 19. Nxd4 exd4 20. Qxd4 Qa4 21. Qd2 Ne7 22. Rc1 Ka8 23. Ka1 Rb8 24. Be2 Nc8 25. Be3 Re8 26. c5 bxc5 27. bxc5 dxc5 28. Rxc5 Nd6 29. Ra5 1-0

[Event "*** Titled Tuesday Blitz"]
[Site "Chess.com"]
[Date "2021.03.02"]
[Round "8"]
[White "ChristopherYoo"]
[Black "Vuk2000"]
[Result "1-0"]
[WhiteElo "2894"]
[BlackElo "2660"]
[TimeControl "180+1"]
[EndTime "11:28:55 PST"]
[Termination "ChristopherYoo won on time"]

1. d4 e6 2. Nf3 Nf6 3. c4 b6 4. g3 Ba6 5. Qa4 Bb7 6. Bg2 c5 7. O-O cxd4 8. Nxd4 Bxg2 9. Kxg2 Qc8 10. Nc3 Be7 11. Bg5 O-O 12. Rfd1 a6 13. Nf3 Nc6 14.
Rd2 Qc7 15. Rad1 Rfd8 16. Nd5 exd5 17. cxd5 b5 18. Qc2 Nxd5 19. Rxd5 Rac8 20. Qf5 d6 21. R5d2 h6 22. Bf4 Qd7 23. Qxd7 Rxd7 24. Bxd6 Bxd6 25.
Rxd6 Rxd6 26. Rxd6 Kf8 27. Rd7 Ke8 28. Rb7 b4 29. Nd2 a5 30. Nc4 Rd8 31. Rc7 Nd4 32.
e3 b3 33. a4 Ne6 34. Rb7 Nc5 35. Rb5 Nxa4 36. Rxa5 1-0

[Event "*** Titled Tuesday Blitz"]
[Site "Chess.com"]
[Date "2021.03.02"]
[Round "8"]
[White "kuban1991"]
[Black "Sibelephant"]
[Result "1/2-1/2"]
[WhiteElo "2968"]
[BlackElo "3066"]
[TimeControl "180+1"]
[EndTime "11:28:57 PST"]
[Termination "Game drawn by agreement"]

1. Nf3 Nf6 2. g3 g6 3. Bg2 Bg7 4. O-O O-O 5. c4 c6 6. Nc3 d5 7. cxd5 cxd5 8. d4 e6 9. Bf4 Nc6 10. Rc1 Bd7 11. Ne5 Nh5 12. Nxc6 Bxc6 13. Be3 f5 14. Qd2 Qf6 15. f3 f4 16. Bf2 fxg3 17.
hxg3 Qe7 18. e3 Qd6 19. Ne2 Bb5 20. g4 Bxe2 21. Qxe2 Ng3 22. Bxg3 Qxg3 23. Qf2 Qd6 24. g5 Rac8 25. f4 Qd7 26. Bh3 Rxc1 27. Rxc1 Rc8 28. Qd2 Kf7 29. Kf2 Bf8 30. Rxc8 Qxc8 31. Qc3 Qxc3 32. bxc3 b5 33. Ke2 Ba3 34. Kd2 Ke7 35. Bf1 a6 36. Kc2 1/2-1/2

[Event "*** Titled Tuesday Blitz"]
[Site "Chess.com"]
[Date "2021.03.02"]
[Round "8"]
[White "j_coca"]
[Black "NikolaN98"]
[Result "1-0"]
[WhiteElo "2363"]
[BlackElo "2509"]
[TimeControl "180+1"]
[EndTime "11:28:57 PST"]
[Termination "j_coca won by resignation"]

1. f4 d5 2. Nf3 Nf6 3. e3 g6 4. d4 c5 5. c3 b6 6. Nbd2 Bg7 7. Bd3 O-O 8. O-O Ba6 9. Qe2 Qc8 10. Ne5 Bxd3 11. Qxd3 Qa6 12. Ndf3 Qxd3 13. Nxd3 c4 14. Nf2 Nc6 15. Bd2 e6 16. Rae1 b5 17. e4 a5 18.
e5 Nd7 19. g4 Rfe8 20. f5 b4 21. h4 Rab8 22. Kg2 bxc3 23. Bxc3 Nb6 24. f6 Bf8 25. h5 g5 26. Nxg5 Na4 27. Re2 Ba3 28. Nd1 Nxc3 29. bxc3 Rb7 30. Nf3 Reb8 31. Ne3 Bb2 32.
Rc2 Ba3 33. Rff2 Rb1 34. g5 R8b2 35. Rxb2 Bxb2 36. Rc2 Ba1 37. g6 hxg6 38. hxg6 fxg6 39. Nh4 Kf7 40. Ng4 g5 41. Nh6+ Ke8 42. f7+ Kf8 43.
Ng6+ Kg7 44. f8=Q+ Kxg6 45. Ng4 1-0

[Event "*** Titled Tuesday Blitz"]
[Site "Chess.com"]
[Date "2021.03.02"]
[Round "8"]
[White "Kapibara_Warri0r"]
[Black "Eloist"]
[Result "1-0"]
[WhiteElo "2225"]
[BlackElo "2314"]
[TimeControl "180+1"]
[EndTime "11:28:58 PST"]
[Termination "Kapibara_Warri0r won by resignation"]

1. e4 e6 2. d4 d5 3. Nc3 Nf6 4.
Bg5 dxe4 5. Nxe4 Be7 6. Bxf6 gxf6 7. Nf3 f5 8. Ng3 c5 9. c3 cxd4 10. cxd4 Bb4+ 11. Nd2 Qxd4 12. a3 Bc5 13. Bb5+ Nc6 14. O-O O-O 15. b4 Bb6 16. Bxc6 bxc6 17. Nf3 Qxd1 18. Rfxd1 Ba6 19. Ne5 Rad8 20. Nxc6 Rxd1+ 21. Rxd1 Bb5 22. Ne5 Rd8 23. Rxd8+ Bxd8 24. Nf1 f6 25.
Nf3 e5 26. Nh4 f4 27. Nd2 Kf7 28. Nf5 Ke6 29. g4 fxg3 30. Nxg3 f5 31. Nb3 Bg5 32. Nc5+ Kf6 33. a4 Bc4 34. Nd7+ Kg6 35. Nxe5+ Kf6 36.
Nxc4 1-0

[Event "*** Titled Tuesday Blitz"]
[Site "Chess.com"]
[Date "2021.03.02"]
[Round "8"]
[White "Hikaru"]
[Black "howitzer14"]
[Result "1-0"]
[WhiteElo "3244"]
[BlackElo "3008"]
[TimeControl "180+1"]
[EndTime "11:29:01 PST"]
[Termination "Hikaru won by resignation"]

1. Nf3 Nf6 2. b3 g6 3. Bb2 Bg7 4. d4 O-O 5. e3 b6 6. Be2 Bb7 7.
O-O c5 8. c4 e6 9. dxc5 bxc5 10. Nc3 Qe7 11. Qc2 Nc6 12. Rad1 Rfd8 13. Qb1 Rab8 14.
Qa1 Ba8 15. Nb5 Ne8 16. Bxg7 Nxg7 17. Nd6 Ne8 18. Nxe8 Rxe8 19. Nd2 f5 20. f4 Qg7 21.
Qc1 g5 22. fxg5 Qxg5 23. Nf3 Qg7 24. Rd6 Re7 25. Qa3 Kh8 26. Qxc5 Rg8 27. g3 Qb2 28. Rf2 Qxa2 29. Rxc6 Bxc6 30. Qxe7 Qxb3 31. Qf6+ Rg7 32. Ng5 1-0

[Event "*** Titled Tuesday Blitz"]
[Site "Chess.com"]
[Date "2021.03.02"]
[Round "8"]
[White "Rodalquilar"]
[Black "iturrizaga"]
[Result "0-1"]
[WhiteElo "2640"]
[BlackElo "2845"]
[TimeControl "180+1"]
[EndTime "11:29:01 PST"]
[Termination "iturrizaga won on time"]

1. d4 Nf6 2. Bf4 e6 3. e3 d5 4. Nf3 c5 5. Nbd2 Nc6 6. c3 Nh5 7.
Be5 f6 8. Bg3 g6 9. Bd3 Be7 10.
dxc5 Bxc5 11. e4 O-O 12. exd5 Qxd5 13. Qe2 Kg7 14. Ne4 Be7 15. Bc4 Qa5 16. O-O-O e5 17. Nd6 Qc7 18. Nb5 Qb6 19. Nd6 Bg4 20. h3 Nxg3 21.
fxg3 Bd7 22. g4 Rad8 23. g5 f5 24. Nxe5 Bxg5+ 25. Kb1 Nxe5 26. Qxe5+ Bf6 27. Qg3 f4 28. Qxf4 Bxc3 29. Qc1 Be5 30. Ne4 Bf5 0-1

[Event "*** Titled Tuesday Blitz"]
[Site "Chess.com"]
[Date "2021.03.02"]
[Round "8"]
[White "JoakimVonAnd"]
[Black "bylavochka"]
[Result "1-0"]
[WhiteElo "2510"]
[BlackElo "2211"]
[TimeControl "180+1"]
[EndTime "11:29:03 PST"]
[Termination "JoakimVonAnd won by checkmate"]

1. d4 Nf6 2. c4 g6 3. Nc3 Bg7 4. e4 O-O 5. Be2 d6 6. Be3 e5 7. d5 c6 8. g4 cxd5 9. cxd5 a6 10. g5 Ne8 11. h4 f5 12. gxf6 Qxf6 13. Nf3 h6 14. Qd2 Bg4 15. Nh2 Bxe2 16. Qxe2 Kh7 17. O-O-O b5 18. Rdg1 Nd7 19. Rg3 Nc5 20. Rhg1 b4 21. Nd1 Rc8 22. Kb1 b3 23. Rxg6 Qf7 24. Qh5 Qf4 25. Rxg7+ Nxg7 26. Qg6+ Kh8 27. Qxg7# 1-0

[Event "*** Titled Tuesday Blitz"]
[Site "Chess.com"]
[Date "2021.03.02"]
[Round "8"]
[White "Herman-NY"]
[Black "LuisFSiles"]
[Result "1-0"]
[WhiteElo "2458"]
[BlackElo "2309"]
[TimeControl "180+1"]
[EndTime "11:29:03 PST"]
[Termination "Herman-NY won by resignation"]

1. e4 c5 2. Nf3 d6 3. d4 cxd4 4. Nxd4 Nf6 5. Nc3 g6 6. Be3 Bg7 7. f3 O-O 8. Qd2 Nc6 9. Bc4 Bd7 10. h4 Qa5 11. O-O-O Rfc8 12. Bb3 Ne5 13. h5 Rxc3 14.
hxg6 Rc5 15. gxf7+ Nxf7 16. Qf2 Rac8 17. g4 e6 18. Rd2 Ne5 19. Nxe6 Rxc2+ 20. Kb1 R2c4 21. Nxg7 Kxg7 22. Rxd6 Ba4 23. Qh4 Ned7 24. g5 Bxb3 25. gxf6+ Nxf6 26. Qxf6+ Kg8 27. Rg1+ 1-0

[Event "*** Titled Tuesday Blitz"]
[Site "Chess.com"]
[Date "2021.03.02"]
[Round "8"]
[White "DonPreuss"]
[Black "JQuiroga18"]
[Result "0-1"]
[WhiteElo "2294"]
[BlackElo "2434"]
[TimeControl "180+1"]
[EndTime "11:29:03 PST"]
[Termination "JQuiroga18 won by resignation"]

1. d4 Nf6 2. Nc3 d5 3. e4 dxe4 4. f3 e3 5. Bxe3 e6 6. Bd3 Be7 7. Nge2 O-O 8. O-O Nbd7 9. Ng3 c5 10. Nce4 b6 11. c3 Bb7 12. f4 Rc8 13. Ng5 h6 14.
Nh5 cxd4 15. Bxd4 Nxh5 16. Qxh5 Bxg5 17. fxg5 Qxg5 18. Qh3 Nc5 19. Bc2 Be4 20. Bxc5 Qxc5+ 21. Kh1 Bxc2 22. Rf3 Bf5 23. Qg3 Rfd8 24. Raf1 Rd2 25.
Qf4 Rcd8 26. g4 Bg6 27. h4 Qd6 28. h5 Be4 29. Qxf7+ Kh8 30. Qxg7+ Kxg7 0-1

[Event "*** Titled Tuesday Blitz"]
[Site "Chess.com"]
[Date "2021.03.02"]
[Round "8"]
[White "WcmDominicToretto"]
[Black "XxPetroffsxX"]
[Result "0-1"]
[WhiteElo "1915"]
[BlackElo "2143"]
[TimeControl "180+1"]
[EndTime "11:29:04 PST"]
[Termination "XxPetroffsxX won by resignation"]

1. e4 e5 2. Nf3 Nc6 3. Nc3 g6 4. d4 exd4 5. Nxd4 Bg7 6. Nxc6 bxc6 7. Bd3 Ne7 8. O-O O-O 9. Be3 a5 10. Qd2 a4 11. a3 d5 12. Bh6 Be6 13. Rab1 Re8 14.
Bxg7 Kxg7 15. f4 f5 16. e5 c5 17. Be2 c6 18. Qd1 d4 19. Nxa4 Rxa4 20. g4 Ra8 21.
gxf5 Nxf5 22. Qd2 Ne3 23. Rf2 Bf5 24. Bf3 Qd7 25. Rc1 Rab8 26. b3 Be6 27. Be4 Bd5 28. Re1 Bxe4 29. Rxe3 Bf5 30. Rg3 Qd5 31. Rg5 h6 32. Rg3 Kh7 33. h4 h5 34. Rfg2 c4 35.
b4 c5 36. Rg5 cxb4 37. axb4 c3 38. Qf2 Rxb4 39. Qg3 Rb1+ 40. Kh2 Rg8 41. Qf2 Rd1 42. Qf1 Rxf1 0-1

[Event "*** Titled Tuesday Blitz"]
[Site "Chess.com"]
[Date "2021.03.02"]
[Round "8"]
[White "VFernandezB"]
[Black "frankshar"]
[Result "1-0"]
[WhiteElo "2491"]
[BlackElo "2346"]
[TimeControl "180+1"]
[EndTime "11:29:06 PST"]
[Termination "VFernandezB won by resignation"]

1. e4 c6 2. d4 d5 3. e5 Bf5 4.
Nc3 e6 5. g4 Bg6 6. Nge2 h5 7.
Nf4 Bh7 8. Nxh5 c5 9. Be3 Nc6 10. Bb5 Ne7 11. dxc5 a6 12. Ba4 Ng6 13. f4 Be7 14.
Qe2 Bh4+ 15. Ng3 Kf8 16. O-O-O Qa5 17. Bxc6 bxc6 18. Rhf1 Rb8 19. a3 Ke7 20. Bd4 Rb7 21. f5 Bg5+ 22. Be3 Rxb2 23. Bxg5+ Kd7 24. Kxb2 Rb8+ 25.
Ka2 Qxc3 26. Rb1 Nf4 27. Bxf4 1-0

[Event "*** Titled Tuesday Blitz"]
[Site "Chess.com"]
[Date "2021.03.02"]
[Round "8"]
[White "BJthechessgod"]
[Black "korkmaz16"]
[Result "0-1"]
[WhiteElo "2257"]
[BlackElo "2406"]
[TimeControl "180+1"]
[EndTime "11:29:07 PST"]
[Termination "korkmaz16 won by checkmate"]

1. d4 Nf6 2. Nf3 g6 3. Bf4 Bg7 4. e3 O-O 5. h3 d6 6. Be2 Nbd7 7.
Nbd2 c5 8. c3 Re8 9. Bh2 b6 10.
O-O Bb7 11. Re1 Rc8 12. a4 a5 13. Bb5 Bc6 14. Bxc6 Rxc6 15. Qb3 d5 16. Ne5 Nxe5 17. Bxe5 Re6 18. Nf3 c4 19. Qb5 Qd7 20. Bxf6 Qxb5 21.
axb5 exf6 22. Nd2 f5 23. Nf1 f4 24. Reb1 Bh6 25. exf4 Bxf4 26. g3 Bh6 27. Kg2 Re2 28. Kf3 Rc2 29. Ne3 Bxe3 30. fxe3 f5 31. Ra2 g5 32. Rh1 Kg7 33. g4 Kf6 34. gxf5 Kxf5 35. Rg1 h5 36. h4 g4+ 37. Kg3 Rxe3# 0-1

[Event "*** Titled Tuesday Blitz"]
[Site "Chess.com"]
[Date "2021.03.02"]
[Round "8"]
[White "SimplyDevina"]
[Black "Darius321"]
[Result "0-1"]
[WhiteElo "2174"]
[BlackElo "2299"]
[TimeControl "180+1"]
[EndTime "11:29:07 PST"]
[Termination "Darius321 won by resignation"]

1. d4 d5 2. c4 e6 3. Nc3 c5 4. cxd5 cxd4 5. Qxd4 Nc6 6. Qd1 exd5 7. Qxd5 Bd6 8. Nf3 Nf6 9. Qd1 O-O 10. e3 Bf5 11. Nd4 Nxd4 12. Qxd4 Qe7 13. Be2 Rfd8 14. Qa4 a6 15.
O-O b5 16. Qb3 Qe5 17. f4 Qe7 18. Bf3 Rac8 19. Nd5 Nxd5 20. Qxd5 Be6 21. Qh5 g6 22. Qh6 Qf6 23. e4 Bf8 24. Qg5 Qxg5 25. fxg5 Bg7 26. Be3 Bxb2 27. Rab1 Be5 28. a4 bxa4 29. Rb6 Bc4 30.
Bg4 Rb8 31. Rxb8 Rxb8 32. Rc1 a3 0-1

[Event "*** Titled Tuesday Blitz"]
[Site "Chess.com"]
[Date "2021.03.02"]
[Round "8"]
[White "Lion-Al-Messi"]
[Black "ural58"]
[Result "1-0"]
[WhiteElo "2452"]
[BlackElo "2542"]
[TimeControl "180+1"]
[EndTime "11:29:08 PST"]
[Termination "Lion-Al-Messi won on time"]

1. e4 d5 2. exd5 Qxd5 3. Nc3 Qa5 4. d4 Nf6 5. Ne2 Nc6 6. g3 e5 7. Bg2 Nxd4 8. Nxd4 exd4 9. Qxd4 Bc5 10. Qa4+ Qxa4 11. Nxa4 Bd6 12. Bg5 Ng4 13. O-O O-O 14. Rfe1 h6 15.
Be7 Bxe7 16. Rxe7 c6 17. Rd1 Nf6 18. Nc5 Bg4 19. f3 Bf5 20. Nxb7 Bxc2 21. Rc1 Ba4 22. b3 Bb5 23. a4 Bd3 24. f4 Rfe8 25. Rce1 Rxe7 26. Rxe7 Kf8 27. Rc7 Re8 28. Nd6 Re1+ 29. Kf2 Rb1 30. Rxf7+ Kg8 31. Rb7 Rb2+ 32. Ke3 Ba6 33.
Rb8+ Kh7 34. Bxc6 Rxh2 35. Ne4 Re2+ 36. Kf3 Nh5 37. Nc5 Nxg3 38. Nxa6 Rc2 39. Kxg3 Rxc6 40. Nb4 Rc3+ 41. Kg4 Rxb3 42. Nc6 Ra3 43. a5 Ra4 44. Kf5 g6+ 45. Ke5 h5 46. Rb7+ Kh6 47. f5 gxf5 48. Kf6 h4 49. Rb8 Kh5 50. Ne5 1-0

[Event "*** Titled Tuesday Blitz"]
[Site "Chess.com"]
[Date "2021.03.02"]
[Round "8"]
[White "BigAl"]
[Black "RaphCamora"]
[Result "0-1"]
[WhiteElo "2516"]
[BlackElo "2390"]
[TimeControl "180+1"]
[EndTime "11:29:11 PST"]
[Termination "RaphCamora won by resignation"]

1. Nf3 d5 2. g3 Nd7 3. Bg2 e5 4. O-O Ngf6 5. d3 Bd6 6. c4 c6 7. cxd5 cxd5 8. e4 d4 9. Nbd2 O-O 10. Nc4 Bc7 11. a4 Re8 12. b4 Nf8 13. Ba3 Ng6 14.
b5 Be6 15. Rc1 Rc8 16. Ng5 Bg4 17. Qb3 Qd7 18. b6 axb6 19. Nxb6 Bxb6 20. Qxb6 h6 21. Nf3 Qxa4 22. Ra1 Qc2 23. Ne1 Qc6 24. Qb3 Be2 25. Bh3 Ra8 26. Bf5 Bxf1 27. Bxg6 Qe6 28. Qxe6 Rxe6 29.
Bf5 Rea6 30. Kxf1 Rxa3 31. Rb1 R8a7 32. h4 Ra1 33. Rb6 Rc1 34. Ke2 Ra2+ 35. Kf3 Rxe1 36. Rxb7 g6 37. Bh3 Rd1 38. Rb6 Rxd3+ 39. Kg2 Nxe4 40.
Kg1 Rd1+ 41. Kg2 0-1

[Event "*** Titled Tuesday Blitz"]
[Site "Chess.com"]
[Date "2021.03.02"]
[Round "8"]
[White "HrvojeZagreb"]
[Black "Piotrek1979"]
[Result "0-1"]
[WhiteElo "2258"]
[BlackElo "2370"]
[TimeControl "180+1"]
[EndTime "11:29:11 PST"]
[Termination "Piotrek1979 won by resignation"]

1. d4 Nf6 2. Bf4 c5 3. e3 Qb6 4. Na3 g6 5. Nc4 Qc6 6. a4 Bg7 7. Nf3 cxd4 8. Nxd4 Qc5 9. Nb5 Na6 10. Ncd6+ exd6 11.
Nxd6+ Kf8 12. Bxa6 bxa6 13. O-O Ne8 14. Ne4 Qc6 15.
Qd3 Bb7 16. f3 d5 17. Ng5 h6 18. Nh3 Rc8 19. c3 Qc4 20. Rad1 Qxd3 21. Rxd3 g5 22. Bg3 Ke7 23. b3 Nf6 24. Rc1 Rhd8 25. Be1 Nd7 26. Nf2 Nc5 27. Rd2 0-1

[Event "*** Titled Tuesday Blitz"]
[Site "Chess.com"]
[Date "2021.03.02"]
[Round "8"]
[White "GMaka"]
[Black "albi1999"]
[Result "1-0"]
[WhiteElo "2460"]
[BlackElo "2580"]
[TimeControl "180+1"]
[EndTime "11:29:12 PST"]
[Termination "GMaka won by resignation"]

1. d4 Nf6 2. Bg5 Ne4 3. Bf4 d5 4. e3 c5 5. Bd3 cxd4 6. Bxe4 dxe4 7. exd4 e6 8. Nc3 Nc6 9. Nge2 Bd6 10. Bxd6 Qxd6 11. Nxe4 Qb4+ 12. c3 Qxb2 13. Nd6+ Kf8 14. O-O Qa3 15. Nc4 Qe7 16. Qd2 g6 17. Qh6+ Kg8 18. a4 b6 19. Ne5 Nd8 20. Nf4 f6 21. Nexg6 hxg6 22. Qxh8+ Kxh8 23. Nxg6+ Kg7 24. Nxe7 Bb7 25.
a5 Kf7 26. axb6 Kxe7 27. Rxa7 Rc8 28. c4 Rxc4 29. h4 Rb4 30. Rc1 Rxb6 31. Rc7+ Kd6 32. Rg7 Nc6 33. Raxb7 Rxb7 34. Rxb7 Nxd4 35. h5 Nf5 36. g4 Nh6 37. f3 e5 38. Rh7 1-0

[Event "*** Titled Tuesday Blitz"]
[Site "Chess.com"]
[Date "2021.03.02"]
[Round "8"]
[White "ram1zan"]
[Black "szachuspl"]
[Result "1-0"]
[WhiteElo "2921"]
[BlackElo "2474"]
[TimeControl "180+1"]
[EndTime "11:29:12 PST"]
[Termination "ram1zan won by resignation"]

1. d4 Nf6 2. Nc3 d5 3. Bf4 c5 4. e3 a6 5. dxc5 Nc6 6. a3 e5 7.
Bg5 d4 8. exd4 exd4 9. Ne4 Be7 10. Bxf6 gxf6 11. Bd3 f5 12. Ng3 Bxc5 13. Nf3 Qf6 14. O-O Be6 15. b4 Ba7 16. Re1 Kf8 17. Qd2 h5 18.
Qg5 Qxg5 19. Nxg5 f4 20. Nxe6+ fxe6 21. Ne4 e5 22. b5 axb5 23. Rab1 b4 24. axb4 Ke7 25.
b5 Nd8 26. b6 Bb8 27. Rb5 Nc6 28. Nc5 Bd6 29. Nxb7 Rhb8 30. Nxd6 Kxd6 31. Reb1 Ra5 32. Kf1 Rxb5 33. Rxb5 h4 34. Ke2 Ne7 35. Be4 Nc8 36.
b7 Ne7 37. Rb6+ Kd7 38. Rh6 Ng8 39. Rh8 Kc7 40. Rh7+ Kd6 41. Rxh4 Nf6 42. Rh6 Ke7 43. Rxf6 Kxf6 44. h4 Ke7 45. h5 Kd6 46. h6 Kc7 47. h7 Rf8 48. Kd3 Rd8 49. g4 fxg3 50. fxg3 Kd6 51.
g4 Ke6 52. g5 Kf7 53. g6+ Kg7 54. Kc4 Rf8 55. Kd5 1-0

[Event "*** Titled Tuesday Blitz"]
[Site "Chess.com"]
[Date "2021.03.02"]
[Round "8"]
[White "Cuajada_Zero"]
[Black "Balla_Tamas"]
[Result "0-1"]
[WhiteElo "2291"]
[BlackElo "2516"]
[TimeControl "180+1"]
[EndTime "11:29:13 PST"]
[Termination "Balla_Tamas won by resignation"]

1. d4 f5 2. Bg5 d5 3. e3 Nd7 4.
Bd3 g6 5. h4 h6 6. Bf4 Ngf6 7. Nf3 e6 8. Ne5 Nxe5 9. Bxe5 Bg7 10.
Nd2 O-O 11. Nf3 c5 12. c3 b6 13. Qe2 Bb7 14. Bf4 Qe7 15. Ne5 Kh7 16. Qf3 Nd7 17.
Qg3 Nxe5 18. Bxe5 Bxe5 19. Qxe5 Rad8 20. g3 Qd6 21. Qxd6 Rxd6 22. O-O-O Kg7 23. Rhe1 Kf6 24. Bc2 e5 25. dxe5+ Kxe5 26. Rd2 g5 27. hxg5 hxg5 28. a3 Rh8 29. b4 Kf6 30. Red1 Rh2 31. Bb3 d4 32. cxd4 cxd4 33. Rxd4 Rxd4 34. Rxd4 Rxf2 35. Rd6+ Ke7 36. Rg6 Be4 37. Rxg5 Rf3 38. Kd2 Kf6 39. Rg8 Rf2+ 40. Kc3 Re2 41. g4 Rxe3+ 42. Kb2 Rxb3+ 43. Kxb3 Bd5+ 44. Ka4 Bxg8 45. gxf5 Bc4 46. b5 Kxf5 47. Kb4 Bd5 48. a4 Ke5 49. a5 Kd6 50. Kc3 Kc5 51. axb6 axb6 52. Kd3 Kxb5 53. Kc3 Bg8 54. Kb2 Kb4 55.
Ka1 b5 56. Kb2 Bf7 57. Ka1 Ka3 58. Kb1 b4 59. Ka1 b3 0-1

[Event "*** Titled Tuesday Blitz"]
[Site "Chess.com"]
[Date "2021.03.02"]
[Round "8"]
[White "Azeryahu"]
[Black "davidkalashian"]
[Result "1-0"]
[WhiteElo "2736"]
[BlackElo "2583"]
[TimeControl "180+1"]
[EndTime "11:29:15 PST"]
[Termination "Azeryahu won by checkmate"]

1. e4 c6 2. d4 g6 3. c4 Bg7 4. Nc3 d6 5. Nf3 Bg4 6. Be2 Qb6 7. d5 Bxc3+ 8. bxc3 Nf6 9. Nd2 Bxe2 10. Qxe2 Qa5 11. O-O Nbd7 12. Rb1 Qa6 13. f4 cxd5 14. e5 dxe5 15. fxe5 Qe6 16. Nf3 dxc4 17. Re1 Nd5 18. Nd4 Qa6 19. e6 N7f6 20. exf7+ Kxf7 21. Bh6 Rhe8 22.
Rxb7 Nxc3 23. Rxe7+ Kg8 24. Qf3 Ncd5 25. Rxe8+ Rxe8 26. Rxe8+ Nxe8 27. Qf8# 1-0

[Event "*** Titled Tuesday Blitz"]
[Site "Chess.com"]
[Date "2021.03.02"]
[Round "8"]
[White "Kaliopa"]
[Black "tgpgoat"]
[Result "0-1"]
[WhiteElo "2234"]
[BlackElo "2106"]
[TimeControl "180+1"]
[EndTime "11:29:15 PST"]
[Termination "tgpgoat won on time"]

1. d4 Nf6 2. c4 c5 3. d5 b5 4.
cxb5 a6 5. b6 a5 6. Nc3 Qxb6 7.
e4 d6 8. Bb5+ Bd7 9. Bc4 g6 10.
f4 Bg7 11. Nf3 O-O 12. O-O Na6 13. Qe2 Ne8 14. e5 Nec7 15. e6 fxe6 16. dxe6 Bc6 17. Ng5 d5 18. Bd3 c4+ 19. Be3 Bd4 20. Rf3 cxd3 21.
Qxd3 Bxe3+ 22. Rxe3 d4 23. Rh3 dxc3+ 24. Kh1 Qf2 25. Rg1 Qxf4 26. Nxh7 Qf5 27. Qxc3 Nd5 28. Qd4 Nf6 29. Nxf6+ Rxf6 30. Qh4 Qh5 0-1

[Event "*** Titled Tuesday Blitz"]
[Site "Chess.com"]
[Date "2021.03.02"]
[Round "8"]
[White "bogcsab"]
[Black "Walter_White_Poland"]
[Result "1-0"]
[WhiteElo "2173"]
[BlackElo "2279"]
[TimeControl "180+1"]
[EndTime "11:29:17 PST"]
[Termination "bogcsab won on time"]

1. d4 Nf6 2. c4 e6 3. Nc3 Bb4 4. Qb3 Nc6 5. e3 d5 6. a3 Bxc3+ 7. bxc3 O-O 8. cxd5 exd5 9. Nf3 Ne4 10. Bd3 Bf5 11. Qc2 Bg6 12. c4 Re8 13. cxd5 Qxd5 14. O-O Na5 15. Nd2 Nxd2 16. Bxd2 Bxd3 17. Qxd3 Nc4 18.
Rac1 b5 19. f3 f5 20. Rfe1 Rad8 21. Bc3 Nxa3 22. Ba5 Nc4 23. Bxc7 Rd7 24. Bg3 a5 25. Bf2 Rde7 26. Rb1 a4 27. Rb4 a3 28. Qb3 Rb7 29.
Rb1 1-0

[Event "*** Titled Tuesday Blitz"]
[Site "Chess.com"]
[Date "2021.03.02"]
[Round "8"]
[White "UmutErdemGunduz"]
[Black "Grandmaster2B"]
[Result "0-1"]
[WhiteElo "2360"]
[BlackElo "2499"]
[TimeControl "180+1"]
[EndTime "11:29:18 PST"]
[Termination "Grandmaster2B won by resignation"]

1. e4 c5 2. Nf3 d6 3. d4 cxd4 4. Nxd4 Nf6 5. f3 e5 6. Nb3 d5 7.
Bg5 d4 8. Bb5+ Nc6 9. c3 dxc3 10.
Qxd8+ Kxd8 11. Nxc3 a6 12. O-O-O+ Ke8 13. Bxf6 gxf6 14.
Nd5 Rb8 15. Nc7+ Ke7 16. Nd5+ Ke6 17. Bc4 b5 18. Ne3+ Ke7 19. Bd5 Bd7 20. Nc5 Bh6 21. Rd3 Nb4 22. Nxd7 Nxd3+ 23. Kd2 Kxd7 24. Kxd3 Bxe3 25.
Kxe3 Ke7 26. Rc1 Rbc8 27. Rd1 Rc2 28. Rd2 Rhc8 29. g4 Rxd2 30. Kxd2 h5 31. h3 hxg4 32. hxg4 Rh8 33. b4 Rh3 34. Ke3 Rh2 35. a3 Rc2 36. Kd3 Rb2 37. Kc3 Rf2 38. Bb7 Rxf3+ 39. Kb2 Rf2+ 40. Kb3 Kd6 41. Bxa6 Kc6 42. Bc8 Rf3+ 43.
Kb2 Re3 44. Bf5 Kd6 45. Ka2 Ke7 46. Kb2 Kf8 47. Ka2 Kg7 48. Kb2 Kh6 49. Bd7 Rxe4 50. Bxb5 Rxg4 51. Kb3 Rg3+ 52. Ka4 e4 53. Bc4 Rc3 54.
Bxf7 e3 0-1

[Event "*** Titled Tuesday Blitz"]
[Site "Chess.com"]
[Date "2021.03.02"]
[Round "8"]
[White "Forantes"]
[Black "CrazyMartian"]
[Result "1-0"]
[WhiteElo "2431"]
[BlackElo "2288"]
[TimeControl "180+1"]
[EndTime "11:29:19 PST"]
[Termination "Forantes won by resignation"]

1. Nf3 d5 2. g3 Nf6 3. Bg2 c6 4. O-O Bf5 5. d4 h6 6. c4 e6 7. Nc3 Nbd7 8. Nd2 Be7 9. e4 dxe4 10. Ndxe4 Nxe4 11. Nxe4 O-O 12. Qb3 Qb6 13. Be3 Qxb3 14. axb3 a6 15. Rfd1 Rfd8 16. Rd2 Nf6 17. Nxf6+ Bxf6 18. Rad1 Kf8 19. d5 exd5 20. cxd5 Bd7 21. Bc5+ Kg8 22.
b4 cxd5 23. Bb6 Re8 24. Bxd5 Bc6 25. Bxc6 bxc6 26. Rc2 Re6 27. Rd7 Be7 28. Bc5 Bxc5 29. bxc5 a5 30. Rd6 a4 31. Rcd2 Ra5 32. Rc2 Rxc5 33. Rd8+ Kh7 34. Rxc5 1-0